 Dungeon Crawl Stone Soup version 0.23.2-1-ga50397a6bc (webtiles) character file.

Game seed: 1968225512068238734

19767 4FPSwarrior the Tainter (level 12, -2/66 HPs)
             Began as an Octopode Venom Mage on May 22, 2019.
             Was an Elder of Sif Muna.
             Slain by a slime creature (21 damage)
             ... on level 12 of the Dungeon.
             The game lasted 01:30:44 (21075 turns).

4FPSwarrior the Tainter (Octopode Venom Mage)      Turns: 21075, Time: 01:30:44

Health: -2/66      AC:  5    Str:  8    XL:     12   Next: 72%
Magic:  23/23      EV: 12    Int: 22    God:    Sif Muna [****..]
Gold:   803        SH: 18    Dex: 12    Spells: 12/26 levels left

rFire    . . .     SeeInvis +   v - +1 trident
rCold    . . .     Gourm    .   h - +2 shield
rNeg     + . .     Faith    .   (helmet restricted)
rPois    +         Spirit   .   G - +5 amulet of reflection
rElec    .         Reflect  +   l - ring of see invisible
rCorr    .         Harm     .   t - ring of positive energy
MR       .....                  u - ring of poison resistance
Stlth    +++.......             x - +4 ring of protection
HPRegen  0.21/turn              C - +4 ring of slaying
MPRegen  0.18/turn              (no ring)
                                (no ring)
                                (no ring)

@: no status effects
A: almost no armour, stealthy swim, amphibious, 8 rings, constrict 8, camouflage
1, gelatinous body 1
a: Divine Energy, Channel Magic, Forget Spell, Renounce Religion


You were on level 12 of the Dungeon.
You worshipped Sif Muna.
Sif Muna was greatly pleased with you.
You were hungry.

You visited 3 branches of the dungeon, and saw 14 of its levels.

You collected 803 gold pieces.

Inventory:

Hand Weapons
 d - a +0 club
 e - a +0 spear
 v - a +1 trident (weapon)
 J - a +0 blowgun
Missiles
 a - 426 stones (quivered)
 M - 12 poisoned needles
Armour
 h - a +2 shield (worn)
 A - a +0 buckler
Jewellery
 l - a ring of see invisible (left tentacle)
 t - a ring of positive energy (right tentacle)
 u - a ring of poison resistance (on tentacle)
 x - a +4 ring of protection (on tentacle)
 C - a +4 ring of slaying (on tentacle)
 G - a +5 amulet of reflection (around mantle)
Wands
 w - a wand of enslavement (3)
 y - a wand of digging (7)
 N - a wand of disintegration (4)
 Q - a wand of acid (15)
Scrolls
 c - 9 scrolls of remove curse
 f - a scroll of blinking
 g - 2 scrolls of enchant weapon
 j - 4 scrolls of teleportation {unknown}
 m - a scroll of immolation {unknown}
 r - 3 scrolls of magic mapping {unknown}
 s - 6 scrolls of enchant armour
 D - a scroll of fog {unknown}
 E - a scroll of noise {unknown}
 H - a scroll of vulnerability {unknown}
 K - a scroll of amnesia
 L - a scroll of torment {unknown}
Potions
 i - 3 potions of lignification
 k - 6 potions of curing
 n - a potion of cancellation {unknown}
 o - 2 potions of degeneration
 p - 2 potions of might
 q - a potion of haste
 z - 2 potions of brilliance {unknown}
 B - a potion of resistance {unknown}
 F - 2 potions of mutation {unknown}
 I - 2 potions of flight {unknown}
 O - 3 potions of heal wounds {unknown}
Miscellaneous
 P - a lightning rod (4/4)
Comestibles
 b - 14 rations


   Skills:
 - Level 2.0 Dodging
 - Level 2.6 Stealth
 * Level 10.7 Shields
 + Level 7.7 Spellcasting
 + Level 8.0 Conjurations
 + Level 7.8 Air Magic
 + Level 11.6 Poison Magic
 + Level 4.3 Invocations
 - Level 5.0 Evocations


You had 12 spell levels left.
You knew the following spells:

 Your Spells              Type           Power        Failure   Level  Hunger
b - Poisonous Vapours     Pois/Air       ######       1%          2    None
c - Mephitic Cloud        Conj/Pois/Air  #####...     1%          3    None
d - Olgreb's Toxic Radia  Pois           ######..     1%          4    ###....
e - Venom Bolt            Conj/Pois      ######....   6%          5    #####..

Your spell library contained the following spells:

 Spells                   Type           Power        Failure   Level  Hunger
 Sting                    Conj/Pois      ####         1%          1    None


Dungeon Overview and Level Annotations

Branches:
Dungeon (12/15)            Temple (1/1) D:7            Lair (1/6) D:9
    Orc (0/2) D:12

Altars:
Ashenzari
Cheibriados
Dithmenos
Elyvilon
Fedhas
Gozag
Hepliaklqana
Kikubaaqudgha
Makhleb
Nemelex Xobeh
Okawaru
Qazlal
Ru
Sif Muna
Trog
Uskayaw
Vehumet
Wu Jian
Xom
Yredelemnul
Zin
The Shining One

Annotations:
D:2 1 runed translucent door, Crazy Yiuf
D:5 exclusion: phantom
D:6 exclusion: 3 wights
D:8 exclusion: hydra
D:11 exclusions: downstairs and water moccasin


Innate Abilities, Weirdness & Mutations

You cannot wear most types of armour.
You are very stealthy in the water. (Stealth+)
You are amphibious.
You can wear up to eight rings at the same time.
You can use your tentacles to constrict eight enemies at once.
Your skin changes colour to match your surroundings (Stealth+).
Your rubbery body absorbs attacks. (AC +1, EV +1)


Message History

You hit the slime creature but do no damage.
The slime creature is heavily wounded.
The slime creature hits you! You block the slime creature's attack.
You barely miss the slime creature. Your squeeze misses the slime creature.
The slime creature is moderately wounded.
The slime creature hits you but does no damage.
You hit the slime creature.
The slime creature is heavily wounded.
The slime creature hits you!!
You hit the slime creature. Your squeeze misses the slime creature.
The slime creature is heavily wounded.
The slime creature hits you!
* * * LOW HITPOINT WARNING * * *
You block the slime creature's attack.
Evoke which item? (* to show all) (? for menu, Esc to quit)
Aiming: Disintegrate
Press: ? - help, Shift-Dir - straight line, f - slime creature
Aim: a slime creature (moderately wounded, chance to defeat MR: 69%)
The slime creature is blasted!
The slime creature hits you!!
You die...

## #.###### ###########
##......#####.........#
......................#
......................#
#.....................#
#.........@J..........#####
#............######........
#.......######....'........
#.......#.........#........
........#.........#........
........#.........#........
........#.......>.#........
........#.........#........
.. ...########..#....####


You could see a slime creature.

Vanquished Creatures
  6 two-headed ogres
  A queen ant (D:11)
  A manticore (D:9)
  2 trolls
  A hornet (D:11)
  3 hippogriffs
  A wraith (D:12)
  24 yaks
  A spriggan (D:7)
  2 wyverns
  2 hungry ghosts (D:9)
  20 soldier ants (D:11)
  A water moccasin (D:8)
  An ice beast (D:5)
  4 orc warriors
  4 sky beasts
  3 black bears
  A hornet zombie (D:12)
  2 eyes of draining
  A necrophage (D:6)
  An ogre (D:7)
  5 phantoms
  7 centaurs
  4 crocodiles
  3 big kobolds
  11 bullfrogs
  7 scorpions
  A wyvern skeleton (D:9)
  4 wights
  10 killer bees
  4 bullfrog zombies
  7 crimson imps
  A bullfrog skeleton (D:6)
  5 jellies
  5 hounds
  2 centaur skeletons
  5 orc priests
  8 orc wizards
  Ijyb (D:5)
  2 iguanas (D:10)
  29 worker ants
  5 ogre zombies (D:12)
  A hound zombie (D:9)
  A howler monkey zombie (D:11)
  2 worker ant zombies (D:5)
  3 gnolls (D:10)
  19 adders
  2 shadow imps
  3 oozes
  An adder skeleton (D:4)
  An adder zombie (D:8)
  6 worms
  A dart slug (D:1)
  3 leopard geckos
  50 orcs
  5 bats
  14 giant cockroaches
  6 goblins
  7 hobgoblins
  15 jackals
  5 quokkas
  A frilled lizard (D:1)
  2 goblin skeletons (D:12)
  5 goblin zombies (D:12)
  A jackal skeleton (D:5)
  21 kobolds
  3 orc skeletons (D:12)
  8 orc zombies (D:12)
  A quokka skeleton (D:6)
  12 rats
407 creatures vanquished.

Vanquished Creatures (collateral kills)
  A yak (D:9)
1 creature vanquished.

Vanquished Creatures (others)
  A cyclops (D:10)
  A water moccasin (D:9)
  A wight (D:8)
  A fungus (Lair:1)
4 creatures vanquished.

Grand Total: 412 creatures vanquished

Notes
Turn   | Place    | Note
-------+----------+-------------------------------------------
     0 | D:1      | 4FPSwarrior the Octopode Venom Mage began the quest for the
                  | Orb.
     0 | D:1      | Reached XP level 1. HP: 11/11 MP: 3/3
   260 | D:1      | Reached skill level 4 in Poison Magic
   260 | D:1      | Reached XP level 2. HP: 15/17 MP: 3/5
   690 | D:1      | Reached XP level 3. HP: 21/21 MP: 6/6
   788 | D:1      | Learned a level 2 spell: Poisonous Vapours
  1350 | D:2      | Found an opulent altar of Gozag.
  1811 | D:2      | Reached XP level 4. HP: 27/27 MP: 0/7
  2043 | D:2      | Reached skill level 5 in Poison Magic
  2099 | D:2      | Found a snail-covered altar of Cheibriados.
  2112 | D:2      | Reached skill level 1 in Air Magic
  2618 | D:2      | Found a runed translucent door.
  2619 | D:2      | Noticed Crazy Yiuf
  2814 | D:3      | Reached XP level 5. HP: 12/31 MP: 7/9
  3595 | D:4      | Found a basalt altar of Yredelemnul.
  3629 | D:3      | Reached XP level 6. HP: 24/36 MP: 1/10
  3818 | D:3      | Reached skill level 1 in Shields
  3969 | D:4      | Reached skill level 6 in Poison Magic
  4528 | D:4      | Learned a level 3 spell: Mephitic Cloud
  4682 | D:4      | Reached XP level 7. HP: 41/41 MP: 4/11
  5037 | D:5      | Entered Level 5 of the Dungeon
  5808 | D:5      | Noticed Ijyb
  5815 | D:5      | Killed Ijyb
  7152 | D:6      | Reached skill level 7 in Poison Magic
  7341 | D:6      | Reached XP level 8. HP: 42/46 MP: 7/13
  7725 | D:6      | Found an iron altar of Okawaru.
  7747 | D:6      | Found a burning altar of Makhleb.
  8612 | D:7      | Learned a level 4 spell: Olgreb's Toxic Radiance
  8635 | D:7      | Reached skill level 8 in Poison Magic
  9043 | D:7      | Reached XP level 9. HP: 50/50 MP: 12/15
  9094 | D:7      | Reached skill level 5 in Shields
  9340 | D:7      | Found a staircase to the Ecumenical Temple.
  9508 | Temple   | Entered the Ecumenical Temple
  9750 | Temple   | Became a worshipper of Sif Muna the Loreminder
  9987 | D:7      | Reached skill level 9 in Poison Magic
 10314 | D:7      | Found a stormy altar of Qazlal.
 10532 | D:8      | Noticed a five-headed hydra
 11109 | D:8      | Reached skill level 5 in Spellcasting
 11109 | D:8      | Reached skill level 5 in Conjurations
 11110 | D:8      | Reached skill level 1 in Evocations
 11211 | D:8      | HP: 1/50 [hippogriff (5)]
 11212 | D:8      | Reached * piety under Sif Muna
 11559 | D:8      | Reached skill level 5 in Air Magic
 11757 | D:8      | Reached XP level 10. HP: 39/55 MP: 12/17
 12404 | D:8      | Found a hazy altar of Hepliaklqana.
 13142 | D:9      | Found a staircase to the Lair.
 13155 | D:9      | Noticed a two-headed ogre
 13427 | D:9      | Reached ** piety under Sif Muna
 13427 | D:9      | Reached skill level 10 in Poison Magic
 13657 | D:9      | Killed a two-headed ogre
 14129 | D:9      | Noticed a manticore
 14145 | D:9      | Killed a manticore
 14385 | D:9      | Reached XP level 11. HP: 29/61 MP: 16/20
 15409 | D:10     | Entered Level 10 of the Dungeon
 15631 | D:10     | Learned a level 5 spell: Venom Bolt
 15905 | D:10     | Noticed a cyclops
 16058 | D:10     | Noticed a two-headed ogre
 16099 | D:10     | Killed a two-headed ogre
 16405 | D:10     | Reached *** piety under Sif Muna
 16753 | D:10     | Killed a cyclops
 16753 | D:10     | Reached skill level 5 in Evocations
 16918 | D:11     | Reached skill level 1 in Invocations
 17543 | D:11     | Reached skill level 11 in Poison Magic
 17916 | D:11     | Reached XP level 12. HP: 66/66 MP: 14/22
 17921 | D:11     | Noticed a queen ant
 17957 | D:11     | Killed a queen ant
 18223 | D:11     | Noticed a two-headed ogre
 18437 | D:11     | Reached skill level 10 in Shields
 18505 | D:11     | Killed a two-headed ogre
 19128 | Lair:1   | Entered Level 1 of the Lair of Beasts
 19131 | Lair:1   | Noticed a seven-headed hydra
 19224 | D:12     | Noticed a two-headed ogre
 19246 | D:11     | Reached **** piety under Sif Muna
 19457 | D:12     | Found a staircase to the Orcish Mines.
 19860 | D:12     | Killed a two-headed ogre
 20019 | D:12     | Noticed a two-headed ogre
 20034 | D:12     | Killed a two-headed ogre
 20160 | D:12     | Noticed a two-headed ogre
 20176 | D:12     | Killed a two-headed ogre
 21075 | D:12     | Slain by a slime creature

Skill      XL: |  1  2  3  4  5  6  7  8  9 10 11 12 |
---------------+-------------------------------------+-----
Poison Magic   | 4 5 6 7 8 9 10 11 | 11.6
Conjurations   | 2 3 4 5 6 7 8 |  8.0
Air Magic      | 1 2 3 5 6 7 |  7.8
Spellcasting   | 3 4 5 6 7 |  7.7
Shields        | 2 3 4 6 8 9 10 | 10.7
Evocations     | 1 3 5 |  5.0
Invocations    | 2 4 |  4.3
Dodging        | |  2.0
Stealth        | |  2.6

Action                   |  1- 3 |  4- 6 |  7- 9 | 10-12 || total
-------------------------+-------+-------+-------+-------++-------
Melee: Unarmed           |     9 |       |       |       ||     9
       Club              |     8 |       |       |       ||     8
       Constrict         |     3 |    11 |    37 |    50 ||   101
       Tentacles         |     2 |     5 |    32 |    47 ||    86
       Spear             |     4 |    48 |    29 |       ||    81
       Trident           |       |       |   215 |   397 ||   612
Throw: Stone             |     1 |     9 |    17 |    67 ||    94
 Cast: Sting             |    35 |     1 |    13 |     6 ||    55
       Poisonous Vapours |    21 |    79 |   103 |   131 ||   334
       Mephitic Cloud    |       |     1 |    13 |    69 ||    83
       Olgreb's Toxic Ra |       |       |     1 |    53 ||    54
       Venom Bolt        |       |       |       |     8 ||     8
Evoke: Wand              |       |       |     3 |     7 ||    10
  Use: Scroll            |       |     5 |     4 |     5 ||    14
       Potion            |       |       |     2 |     4 ||     6
 Stab: Sleeping          |     1 |     2 |     6 |     2 ||    11
       Confused          |       |       |     7 |     8 ||    15
       Distracted        |       |       |     1 |       ||     1
       Invisible         |       |       |     1 |       ||     1
  Eat: Chunk             |     4 |     9 |    13 |    28 ||    54
       Ration            |       |     1 |     4 |     4 ||     9
Armor: Skin              |     4 |     3 |    33 |    36 ||    76
Dodge: Dodged            |    20 |    19 |   118 |    98 ||   255
Block: Buckler           |       |       |    57 |    23 ||    80
       Shield            |       |       |       |   294 ||   294
       Reflection        |       |       |       |    28 ||    28
